Workbook

Sheet Sheet1
B2: 2004 | C2: Volume | D2: Price (€) | E2: Expense
B3: Product P | C3: 95 | D3: 50 | E3: =C3*D3 -> 4750
B4: Product Q | C4: 85 | D4: 45 | E4: =C4*D4 -> 3825
B5: Product R | C5: 75 | D5: 40 | E5: =C5*D5 -> 3000
E6: =SUM(E3:E5) -> 11575
B9: 2005 | C9: Volume | D9: Price (€)
B10: Product P | C10: 105 | D10: 50 | E10: =C10*D10 -> 5250
B11: Product Q | C11: 90 | D11: 45 | E11: =C11*D11 -> 4050
B12: Product R | C12: 80 | D12: 40 | E12: =C12*D12 -> 3200
E13: =SUM(E10:E12) -> 12500
B16: 2006 | C16: Volume | D16: Price (€)
B17: Product P | C17: 115 | D17: 70 | E17: =C17*D17 -> 8050
B18: Product Q | C18: 95 | D18: 43 | E18: =C18*D18 -> 4085
B19: Product R | C19: 85 | D19: 47.5 | E19: =C19*D19 -> 4037.5
E20: =SUM(E17:E19) -> 16172.5

Sheet ii
B3: Total Expenditure
B5: 2004 | C5: Volume | D5: Price (€) | E5: Expense
B6: Product P | C6: 95 | D6: 50 | E6: =C6*D6 -> 4750
B7: Product Q | C7: 85 | D7: 45 | E7: =C7*D7 -> 3825
B8: Product R | C8: 75 | D8: 40 | E8: =C8*D8 -> 3000
B9: Total expenditure | E9: =SUM(E6:E8) -> 11575
B12: 2005 | C12: Volume | D12: Price (€)
B13: Product P | C13: 95 | D13: 50 | E13: =C13*D13 -> 4750
B14: Product Q | C14: 85 | D14: 45 | E14: =C14*D14 -> 3825
B15: Product R | C15: 75 | D15: 40 | E15: =C15*D15 -> 3000
B16: Total expenditure | E16: =SUM(E13:E15) -> 11575
B19: 2006 | C19: Volume | D19: Price (€)
B20: Product P | C20: 95 | D20: 70 | E20: =C20*D20 -> 6650
B21: Product Q | C21: 85 | D21: 43 | E21: =C21*D21 -> 3655
B22: Product R | C22: 75 | D22: 47.5 | E22: =C22*D22 -> 3562.5
B23: Total expenditure | E23: =SUM(E20:E22) -> 13867.5

Sheet iii
B2: Consuner price index
B4: Base year being 2004
B5: CPI in 2004 | C5: =1 -> 1
B8: CPI in 2005
B9: = Expenditure in 2005/ Expenditure in 2004*100
B10: Expenditure in 2005 | D10: =ii!E16 -> 11575
B11: Expenditure in2004 | D11: =ii!E9 -> 11575
B12: CPI in 2005 | D12: =D10/D11 -> 1
B15: CPI in 2006
B16: = Expenditure in 2006/ Expenditure in 2004*100
B17: Expenditure in 2006 | D17: =ii!E23 -> 13867.5
B18: Expenditure in2004 | D18: =D11 -> 11575
B19: CPI in 2005 | D19: =D17/D18 -> 1.1980562

Sheet iv
B2: Inflation rate
B4: Between 2004 and 2005
B5: Inflation rate = (CPI in later year - CPI in base year)/CPI in base year*100
B7: CPI in 2005 | D7: =iii!D12 -> 1
B8: CPI in 2004 | D8: =iii!C5 -> 1
B9: Inflation rate | D9: =(D7-D8)/D8 -> 0
B12: Between 2005 and 2006
B14: CPI in 2006 | D14: =iii!D19 -> 1.1980562
B15: CPI in 2005 | D15: =iii!D12 -> 1
B16: Inflation rate | D16: =(D14-D15)/D15 -> 0.19805616

Sheet b
B2: Inflation rate between 1940 and 1990
B4: CPI in 1940 | C4: 32
B5: CPI in 1990 | C5: 184
B7: Inflation rate = (CPI in 1990-CPI in 1940)/CPI in 1940*100
B8: =(C5-C4)/C4 -> 4.75
B10: Worth of real estate in 1940 | E10: =3000000 -> 3000000
B11: Worth of real investment in 1990 = Price in 1940*Inflation rate
C12: =E10*B8 -> 14250000

Sheet Q2a 
D2: Portfolio X | E2: Portfolio Y | F2: Market
C3: Rate of return (RP) | D3: 0.38 | E3: 0.58 | F3: 0.22
C4: Standard deviation (𝜎 𝑝) | D4: 0.3 | E4: 0.4 | F4: 0.25
C5: Beta (β) | D5: 1.5 | E5: 3.2 | F5: 1.1
C7: Risk free rate of return = 10% | D7: 0.1
C8: Retun from CAPM | D8: =$D$7+((D5*($F$3-$D$7))) -> 0.28 | E8: =$D$7+((E5*($F$3-$D$7))) -> 0.484 | F8: =$D$7+((F5*($F$3-$D$7))) -> 0.232
B10: i | C10: Jensen alpha = Rp-((Rm+Beta(Rm-Rf))
C11: Jensens alpha | D11: =D3-D8 -> 0.1 | E11: =E3-E8 -> 0.096 | F11: =F3-F8 -> -0.012
B13: ii | C13: Treynors index = (Rp-Rf)/Beta of portfoliuo
C14: Treynors index | D14: =(D3-$D$7)/D5 -> 0.18666667 | E14: =(E3-$D$7)/E5 -> 0.15 | F14: =(F3-$D$7)/F5 -> 0.10909091
B16: iii | C16: Sharpe index = (Rp-Rf)/S.deviation
C17: Sharpe index | D17: =(D3-$D$7)/D4 -> 0.93333333 | E17: =(E3-$D$7)/E4 -> 1.2 | F17: =(F3-$D$7)/F4 -> 0.48
B19: iv | C19: M2 Measure = (Sharpe ratio*S.deviation of market)+Rf
C20: M2 Measure | D20: =D17*$F$4+$D$7 -> 0.33333333 | E20: =E17*$F$4+$D$7 -> 0.4 | F20: =F17*$F$4+$D$7 -> 0.22

Sheet Q2b
B2: Portfolio | C2: Rate of return (RP) | D2: Beta (𝜷 𝒑) | E2: Variance(𝝈𝒑2) | F2: Return from CAPM | G2: Standard deviation
B3: 1 | C3: 0.3 | D3: 2 | E3: 0.1 | F3: =$C$8+((D3*($C$7-$C$8))) -> 0.13 | G3: =SQRT(E3) -> 0.31622777
B4: 2 | C4: 0.25 | D4: 1.2 | E4: 0.08 | F4: =$C$8+((D4*($C$7-$C$8))) -> 0.146 | G4: =SQRT(E4) -> 0.28284271
B5: 3 | C5: 0.28 | D5: 1.5 | E5: 0.09 | F5: =$C$8+((D5*($C$7-$C$8))) -> 0.14 | G5: =SQRT(E5) -> 0.3
B7: Rm | C7: 0.15
B8: Rf | C8: 0.17
B9: Market standard deviation | C9: 0.05
A11: i | B11: Jensen alpha = Rp-((Rm+Beta(Rm-Rf)) | F11: ii | G11: Treynors index = (Rp-Rf)/Beta of portfoliuo | M11: iii | N11: Sharpe index = (Rp-Rf)/S.deviation
B12: Portfolio 1 | C12: =C3-F3 -> 0.17 | G12: Portfolio 1 | H12: =(C3-$C$8)/$D$3 -> 0.065 | N12: Portfolio 1 | O12: =(C3-$C$8)/G3 -> 0.4110961
B13: Portfolio 2 | C13: =C4-F4 -> 0.104 | G13: Portfolio 2 | H13: =(C4-$C$8)/$D$3 -> 0.04 | N13: Portfolio 2 | O13: =(C4-$C$8)/G4 -> 0.28284271
B14: Portfolio 3 | C14: =C5-F5 -> 0.14 | G14: Portfolio 3 | H14: =(C5-$C$8)/$D$3 -> 0.055 | N14: Portfolio 3 | O14: =(C5-$C$8)/G5 -> 0.36666667
G15: Market | H15: =(C7-C8)/1 -> -0.02 | N15: Market | O15: =(C7-C8)/C9 -> -0.4

Sheet Q5a
A2: i | B2: x = 19.13-0.87y and y = 11.64-0.5x | H2: iii | I2: From eq1
I3: bxy = -0.87
B4: MX +0.87My = 19.13 …………………………..Equation1 | I4: From Eq2
B5: 0.5Mx+My = 11.64 ……………………….Equation 2 | I5: byx = -0.5
B6: Multiplying equation 2 by 2
B7: Mx + 2My = 23.28…………………………… Equation 3 | I7: r = SQRT(bxy * byx)
I8: =SQRT(-0.87*-0.5)
B9: Subtracting eq1 from eq3 | I9: = SQRT(0.435)
B10: 1.13My = 4.15 | I10: =-6595 -> -6595
B11: My = 3.67
B13: Replacing My in eq1
B14: Mx + 0.87(3.67) = 19.13
B15: Mx + 3.1929 = 19.13
B16: Mx = 19.13-3.1929 = 15.9371
B17: Mx = 15.94
B19: Mean of X = 15.94
B20: Mean of Y = 3.67

Sheet Q5b
A2: i | B2: x = -0.4y + 6.4 and y = -0.6x + 4.6 | G2: iii | H2: From eq 1
H3: bxy = -0.4
B4: Mx+0.4My = 6.4……………….Eq1 | H4: From eq2
B5: 0.6Mx+My = 4.6………………..Eq2 | H5: byx = -0.6
B7: Multiplying eq1 by 0.6
B8: 0.6Mx+0.24My = 3.874…………eq3 | H8: r = SQRT(bxy * byx)
B9: Subtracting Eq3 from Eq2 | H9: =SQRT(-0.4*-0.6)
B10: 0.76My = 0.726 | H10: = SQRT(0.24)
B11: My = 0.96 | H11: -0.4899
B13: Substituting My in Eq1
B14: Mx + 0.4(0.96) = 6.4
B15: Mx = 6.4-0.384
B16: Mx = 6.016
B18: Mean of X = 6.016
B19: Mean of Y = 0.96

Sheet Q5c
C3: Pollution Removed (y) | D3: Daily Rainfall (x)
C4: 12.6 | D4: 4.3
C5: 12.1 | D5: 4.5
C6: 11.6 | D6: 5.9
C7: 11.8 | D7: 5.6
C8: 11.4 | D8: 6.1
C9: 11.8 | D9: 5.2
C10: 13.2 | D10: 3.8
C11: 14.1 | D11: 2.1

Sheet Q5c answer
A1: SUMMARY OUTPUT
A3: Regression Statistics | K3: Pollution removed = 15.53 - 0.68Daily rainfall
A4: Multiple R | B4: 0.97889415
A5: R Square | B5: 0.95823376 | K5: When daily rainfall = 15
A6: Adjusted R Square | B6: 0.95127272 | K6: Y = 15.53 - 0.68(15)
A7: Standard Error | B7: 0.2039417 | K7: Y = 15.53 - 10.2
A8: Observations | B8: 8 | K8: Y = 5.33
A10: ANOVA
B11: df | C11: SS | D11: MS | E11: F | F11: Significance F
A12: Regression | B12: 1 | C12: 5.7254467 | D12: 5.7254467 | E12: 137.65668 | F12: 2.3133878e-05
A13: Residual | B13: 6 | C13: 0.24955331 | D13: 0.041592218
A14: Total | B14: 7 | C14: 5.975
B16: Coefficients | C16: Standard Error | D16: t Stat | E16: P-value | F16: Lower 95% | G16: Upper 95% | H16: Lower 95.0% | I16: Upper 95.0%
A17: Intercept | B17: 15.532413 | C17: 0.28272257 | D17: 54.938709 | E17: 2.4421312e-09 | F17: 14.840616 | G17: 16.224211 | H17: 14.840616 | I17: 16.224211
A18: X Variable 1 | B18: -0.68424819 | C18: 0.058319663 | D18: -11.732718 | E18: 2.3133878e-05 | F18: -0.82695126 | G18: -0.54154511 | H18: -0.82695126 | I18: -0.54154511
